 Dungeon Crawl Stone Soup version 0.18-a0-750-g37044d6 (webtiles) character file.

184 JokEr the Slasher (level 5, -1/37 HPs)
             Began as a High Elf Fighter on Dec 13, 2015.
             Slain by Grinder (5 damage)
             ... on level 3 of the Dungeon.
             The game lasted 00:04:04 (2308 turns).

JokEr the Slasher (High Elf Fighter)                Turns: 2308, Time: 00:04:04

Health: -1/37      AC: 12    Str: 16    XL:     5   Next: 36%
Magic:  6/6        EV:  3    Int: 12    God:
Gold:   161        SH:  8    Dex: 14    Spells: 0 memorised, 4 levels left

rFire  . . .     SeeInvis .     a - +1 long sword
rCold  . . .     Clarity  .     o - +0 plate armour
rNeg   . . .     SustAt   .     c - +0 shield
rPois  .         Gourm    .     (no helmet)
rElec  .         Spirit   .     (no cloak)
rCorr  .         Dismiss  .     (no gloves)
rMut   .         Stasis   .     p - +0 pair of boots
MR     .....                    (no amulet)
Stlth  ..........               (no ring)
                                (no ring)

@: not resistant to hostile enchantments, extremely unstealthy
A: no striking features
a: no special abilities


You were on level 3 of the Dungeon.
You were hungry.

You visited 1 branch of the dungeon, and saw 3 of its levels.

You collected 161 gold pieces.

Inventory:

Hand Weapons
 a - a +1 long sword (weapon)
Armour
 c - a +0 shield (worn)
 o - a +0 plate armour (worn)
 p - a +0 pair of boots (worn)
Wands
 j - a wand of frost (13)
Scrolls
 g - 3 scrolls of identify
Potions
 b - a potion of agility {unknown}
 h - a potion of invisibility {unknown}
 i - 2 potions of ambrosia
 l - a potion of heal wounds {unknown}
 m - a potion of magic {unknown}
Comestibles
 e - 4 bread rations
 f - a beef jerky
 k - a slice of pizza
 n - a meat ration


   Skills:
 + Level 4.2 Fighting
 + Level 4.5 Long Blades
 - Level 2.6 Armour
 + Level 2.9 Dodging
 - Level 2.6 Shields


You had 4 spell levels left.
You didn't know any spells.

Dungeon Overview and Level Annotations

Branches:
Dungeon (3/15)

Altars:
Fedhas

Annotations:
D:3 Grinder


Message History

* * * LOW HITPOINT WARNING * * *
You are too injured to fight recklessly!
You are too injured to fight recklessly!
You are too injured to fight recklessly!
You are too injured to fight recklessly!
You are too injured to fight recklessly!
You are too injured to fight recklessly!
You are too injured to fight recklessly!
You are too injured to fight recklessly!
You are too injured to fight recklessly!
You are too injured to fight recklessly!
Unknown command.
You hit Grinder but do no damage.
Grinder is severely wounded.
Grinder gestures.
Grinder blinks!
Grinder hits you.
* * * LOW HITPOINT WARNING * * *
You writhe in agony.
You die...

## .# .###### ###### .......
#....# .##### #....#
.#######..##################....#
................@5........##....#
.##..###.################.......#
..##..# ######....# #..##...
##.........# .......#
###....##....# ...#.#>#
###...##.##....# (..#...#
##...##...##....# .......##
#######.......#########
.#.##...###.........#####


You could see Grinder.

Vanquished Creatures
  The ghost of MrBudgens the Charmwright, a weakling HuSk (D:3)
  Crazy Yiuf (D:3)
  5 adders
  3 worms
  5 giant cockroaches
  5 goblins
  8 hobgoblins
  13 kobolds
  2 quokkas (D:2)
  11 bats
  A giant newt (D:2)
  9 rats
64 creatures vanquished.

Notes
Turn   | Place    | Note
--------------------------------------------------------------
     0 | D:1      | JokEr the High Elf Fighter began the quest for the Orb.
     0 | D:1      | Reached XP level 1. HP: 16/16 MP: 2/2
   148 | D:1      | Reached XP level 2. HP: 14/21 MP: 3/3
   659 | D:1      | Reached XP level 3. HP: 26/26 MP: 4/4
   957 | D:2      | Reached skill level 1 in Dodging
  1272 | D:2      | Reached XP level 4. HP: 28/33 MP: 5/5
  1804 | D:3      | Noticed Crazy Yiuf
  1811 | D:3      | Killed Crazy Yiuf
  1811 | D:3      | Reached skill level 4 in Fighting
  1879 | D:3      | Noticed MrBudgens's ghost (weakling HuSk)
  1895 | D:3      | Killed MrBudgens's ghost
  1895 | D:3      | Reached XP level 5. HP: 26/37 MP: 6/6
  2106 | D:3      | Found a blossoming altar of Fedhas.
  2271 | D:3      | Noticed Grinder
  2281 | D:3      | Paralysed by Grinder for 5 turns
  2291 | D:3      | Paralysed by Grinder for 7 turns
  2308 | D:3      | Slain by Grinder

Vault maps used:
D:1:      nicolae_arrival_washed_ashore
D:2:      first_bread
D:3:      fedhas_altar_3, uniq_grinder, uniq_crazy_yiuf_cottage

Action                   |  1- 3 |  4- 6 || total
-------------------------+-------+-------++-------
Melee: Long sword        |   108 |   106 ||   214
  Use: Scroll            |     4 |     1 ||     5
       Potion            |       |     1 ||     1
  Eat: Chunk             |     1 |     3 ||     4
